 Dungeon Crawl Stone Soup version 0.30-a0-374-g95c0257040 (webtiles) character file.

Game seed: 15389928545641793185

52 Sabo the Trooper (level 3, 0/43 HPs)
             Began as a Demonspawn Berserker on Nov 25, 2022.
             Was a Believer of Trog.
             Succumbed to a scorpion's poison
             ... on level 3 of the Dungeon.
             The game lasted 00:10:45 (2297 turns).

Sabo the Trooper (Demonspawn Berserker)             Turns: 2297, Time: 00:10:46

Health: 0/43       AC:  5    Str: 19    XL:     3   Next: 60%
Magic:  3/3        EV: 11    Int:  8    God:    Trog [**....]
Gold:   92         SH:  4    Dex: 12    Spells: 2/2 levels left

rFire   . . .      SeeInvis .    c - +0 long sword
rCold   . . .      Faith    .    (no shield)
rNeg    . . .      Spirit   .    d - +0 ring mail
rPois   .          Reflect  .    (no helmet)
rElec   .          Harm     .    (no cloak)
rCorr   .          Rampage  .    (no gloves)
Will    .....                    (no boots)
Stlth   ..........               (no amulet)
HPRegen 0.27/turn                (no ring)
MPRegen 0.08/turn                (no ring)

@: berserking, lethally poisoned (0 -> -8), very quick
A: spiny 1, condensation shield
a: Renounce Religion, Berserk, Trog's Hand


You were on level 3 of the Dungeon.
You worshipped Trog.
Trog was pleased with you.
You visited 1 branch of the dungeon, and saw 3 of its levels.

You collected 92 gold pieces.

Inventory:

Hand Weapons
 a - a +0 hand axe
 c - a +0 long sword (weapon)
Missiles
 b - a throwing net (quivered)
 l - 2 boomerangs
Armour
 d - a +0 ring mail (worn)
Scrolls
 h - a scroll of amnesia {unknown}
 i - a scroll of summoning {unknown}
 k - a scroll of butterflies {unknown}
 m - a scroll of vulnerability {unknown}
 n - a scroll of immolation {unknown}
 o - a scroll of poison {unknown}
 q - a scroll of torment {unknown}
Potions
 e - a potion of haste {unknown}
 f - 2 potions of mutation {unknown}
 g - a potion of invisibility {unknown}
 j - a potion of degeneration {unknown}
 p - a potion of heal wounds {unknown}


   Skills:
 + Level 3.4 Fighting
 + Level 1.7 Long Blades
 + Level 3.0 Axes
 + Level 1.9 Armour
 + Level 2.0 Dodging
 + Level 0.2 Stealth
 + Level 0.3 Shields


You had 2 spell levels left.
You didn't know any spells.
Your spell library was empty.

Dungeon Overview and Level Annotations

Branches:
Dungeon (3/15)

Altars:

Shops:
D:1 *


Innate Abilities, Weirdness & Mutations

You are partially covered in sharp spines.
A meltable shield of frost defends you. (SH +4)


Message History

The scorpion is moderately wounded.
The orc barely misses you. The orc is struck by your spines.
You kill the orc!
Trog accepts your kill. The scorpion is struck by your spines.
The scorpion barely misses you.
You closely miss the scorpion.
The scorpion is moderately wounded.
You block the scorpion's attack. The orc hits you but does no damage.
You block the orc's attack. The scorpion closely misses you.
The orc hits you but does no damage. The orc hits you with a +0 dagger.
You hit the scorpion.
The scorpion is heavily wounded.
The scorpion stings you.
* * * LOW HITPOINT WARNING * * *
The orc hits you but does no damage. The orc closely misses you.
You closely miss the scorpion.
The scorpion is heavily wounded.
The scorpion stings you.
* * * LOW HITPOINT WARNING * * *
You are lethally poisoned!
The scorpion poisons you! The orc is struck by your spines.
The orc hits you but does no damage. You block the orc's attack.
The scorpion stings you but does no damage.
A red film seems to cover your vision as you go berserk!
You feel yourself moving faster!
You feel mighty!
* * * LOW HITPOINT WARNING * * *
You feel very sick. The scorpion closely misses you.
The orc is struck by your spines. The orc hits you but does no damage.
The orc hits you with a +0 dagger.
* * * LOW HITPOINT WARNING * * *
You hit the scorpion but do no damage.
The scorpion is heavily wounded.
* * * LOW HITPOINT WARNING * * *
You feel sick. The scorpion closely misses you.
The orc is struck by your spines. The orc hits you but does no damage.
The orc is struck by your spines. The orc hits you with a +0 dagger.
* * * LOW HITPOINT WARNING * * *
You closely miss the orc.
The orc is lightly wounded.
You die...

#........$# .
#.........#
..###...!....#
............###
..............
#........#
#...^s...###
#.<.o@.....#
###.o#####...
#..# ....#
...... ##..##.o
..$ ..# ....
..#


You could see a scorpion and 2 orcs.

Vanquished Creatures
  An adder (D:2)
  3 dart slugs
  An orc (D:3)
  3 endoplasms
  2 giant cockroaches
  4 goblins
  2 hobgoblins
  2 jackals (D:1)
  A quokka (D:1)
  3 ball pythons
  5 bats
  2 frilled lizards
  3 kobolds
  3 rats
35 creatures vanquished.

Notes
Turn   | Place    | Note
-------+----------+-------------------------------------------
     0 | D:1      | Sabo the Demonspawn Berserker began the quest for the Orb.
     0 | D:1      | Reached XP level 1. HP: 18/18 MP: 1/1
   298 | D:1      | Gained mutation: A meltable shield of frost defends you.
                  | (SH +4) [demonic ancestry]
   298 | D:1      | Reached XP level 2. HP: 21/24 MP: 2/2
   320 | D:1      | Found a faded altar of an unknown god.
   525 | D:1      | Found Kewnoxit's General Store.
   531 | D:1      | Upgraded the game from 0.30-a0-373-gd37427bb62 to
                  | 0.30-a0-374-g95c0257040
  1584 | D:2      | Reached skill level 1 in Long Blades
  1705 | D:2      | Gained mutation: You are partially covered in sharp spines.
                  | [demonic ancestry]
  1705 | D:2      | Reached XP level 3. HP: 29/29 MP: 3/3
  1972 | D:2      | Reached ** piety under Trog
  2284 | D:3      | Noticed a scorpion
  2296 | D:3      | HP: 2/43 [orc/+0 dagger (2)]
  2297 | D:3      | Succumbed to a scorpion's poison

Illustrated notes

Levels and vault maps discovered:
D:1:      evilmike_arrival_hilbert_curve, layout_loops_corners, serial_shops,
          shop, shapermc_ecumenical_altar_mp_highgroup
D:2:      layout_loops_cross
D:3:      layout_rooms, gammafunk_ghost_abyssal_escape, uniq_sigmund

Skill      XL: |  1  2 |
---------------+-------+-----
Axes           | 3 |  3.0
Dodging        | 2 |  2.0
Long Blades    | 1 |  1.7
Fighting       | |  3.4
Armour         | |  1.9
Stealth        | |  0.2
Shields        | |  0.3

Action                   || total
-------------------------++-------
Melee: Long sword        ||   104
       Punch             ||     3
       Hand axe          ||     1
Invok: Berserk           ||     1
Armor: Animal skin       ||    14
       Ring mail         ||    31
Dodge: Dodged            ||    87
Block: Other             ||    26

Table legend: (Time is in decaauts)
 A = Elapsed time spent in this place.
 B = Non-inter-level travel time spent in this place.
 C = Inter-level travel time spent in this place.
 D = Time resting spent in this place.
 E = Time spent auto-exploring this place.
 F = Levels seen in this place.
 G = Mean time per level.
                   A        B        C        D        E       F      G
               +--------+--------+--------+--------+--------+-----+--------+
         Total |   2334 |   2334 |      0 |    397 |      0 |   3 |  778.0 |
       Dungeon |   2334 |   2334 |      0 |    397 |      0 |   3 |  778.0 |
               +--------+--------+--------+--------+--------+-----+--------+

Top non-repeatable levels by time:
     D:1: 1472 daAuts
     D:2: 845 daAuts
     D:3: 16 daAuts
